 Dungeon Crawl Stone Soup version 0.22-a0-422-g9628fc87f1 (webtiles) character file.

312 Manul the Sneak (level 6, -7/96 HPs)
             Began as an Octopode Chaos Knight on May 18, 2018.
             Mangled by an orc warrior
             ... wielding a +0 battleaxe
              (9 damage)
             ... on level 4 of the Dungeon.
             The game lasted 00:04:07 (3054 turns).

Manul the Sneak (Octopode Chaos Knight)             Turns: 3054, Time: 00:04:07

Health: -7/96      AC: 23    Str: 17    XL:     6   Next: 42%
Magic:  6/6        EV:  2    Int: 15    God:    Xom [*.....]
Gold:   160        SH:  0    Dex: 12    Spells: 5/5 levels left

rFire    . . .     SeeInvis +   e - +2 whip (elec)
rCold    + + .     Gourm    .   (no shield)
rNeg     + + +     Faith    .   (helmet currently unavailable)
rPois    +         Spirit   .   y - amulet of magic regeneration
rElec    +         Reflect  .   i - ring of ice
rCorr    +         Harm     .   h - ring of resist corrosion
MR       .....     NoTele   +   s - ring of see invisible
Stlth    ..........             (no ring)
HPRegen  0.26/turn              (no ring)
MPRegen  0.35/turn              (no ring)
                                (no ring)
                                (no ring)

@: berserking, tree-form, resistant, very quick
A: almost no armour, stealthy swim, (amphibious), 8 rings, (constrict 8)
a: Renounce Religion


You were on level 4 of the Dungeon.
You worshipped Xom.
You were a special plaything of Xom.
You were very hungry.
You were a tree.
You visited 1 branch of the dungeon, and saw 4 of its levels.

You collected 160 gold pieces.

Inventory:

Hand Weapons
 a - a +0 spear of chaos
 e - a +2 whip of electrocution (weapon)
 w - a +0 antimagic dagger
Missiles
 t - 2 silver javelins (quivered)
 u - a throwing net
Jewellery
 h - a ring of resist corrosion (right branch)
 i - a ring of ice (left branch)
 s - a ring of see invisible (on tentacle)
 y - an amulet of magic regeneration (around neck)
Scrolls
 c - 4 scrolls of identify {unknown}
 d - a scroll of fog
 f - a scroll of amnesia
 j - a scroll of enchant armour
Potions
 k - 2 potions of agility {unknown}
 l - 2 potions of mutation {unknown}
 m - a potion of berserk rage
 n - a potion of brilliance
 o - a potion of heal wounds {unknown}
Comestibles
 b - 6 rations


   Skills:
 + Level 4.0 Fighting
 + Level 3.5 Maces & Flails
 - Level 3.1 Polearms
 + Level 3.4 Dodging
 * Level 4.2 Stealth


You had 5 spell levels left.
You didn't know any spells.
Your spell library was empty.

Dungeon Overview and Level Annotations

Branches:
Dungeon (4/15)
 Temple: D:4-7

Altars:
Ashenzari
Kikubaaqudgha
Okawaru

Annotations:
D:3 loom's ghost, amateur GrFE


Innate Abilities, Weirdness & Mutations

You cannot wear most types of armour.
You are very stealthy in the water. (Stealth+)
((You are amphibious.))
You can wear up to eight rings at the same time.
((You can use your tentacles to constrict eight enemies at once.))
((Your skin changes colour to match your surroundings (Stealth+).))
((Your rubbery body absorbs attacks. (AC +1, EV +1)))


Message History

Xom roars with laughter!
Unknown command.
It was a potion of resistance.
You feel protected.
Okay, then.
It was a potion of lignification.
You turn into a tree.
Your roots penetrate the ground.
The orc warrior hits you with a battleaxe!
* * * LOW HITPOINT WARNING * * *
It was a potion of berserk rage.
A red film seems to cover your vision as you go berserk!
You feel yourself moving faster!
You feel mighty!
The orc warrior hits you but does no damage.
You hit the orc warrior.
The orc warrior is moderately wounded.
You barely miss the orc warrior.
The orc warrior is moderately wounded.
The orc warrior hits you with a battleaxe!
You die...
Xom guffaws!

*,,,'...........##########§#.#
***##....#####..##..*,**#§§#,*
****#.......#.#*,*#.o.##,*
#.####..8#*,#.o..##,,* #
#.###...##*,#(..#,*,,* #
#.......#,,$8o.(***,,* #
#####...#*.#o.o.***,,* #
#.#.#**##..,,##,,* # #.#♣#
#..,..**,* # #.#o#######.####.*
# ##................*
#############............(...#*
........)......###############
################


You could see an orc warrior.

Vanquished Creatures
  A phantom (D:4)
  An iguana (D:4)
  Natasha (thrice) (D:4)
  An orc wizard (D:4)
  An adder (D:4)
  2 worms (D:2)
  2 dart slugs
  A leopard gecko (D:2)
  5 bats
  4 giant cockroaches
  9 goblins
  7 hobgoblins
  10 jackals (D:1)
  9 kobolds
  4 frilled lizards
  6 rats
66 creatures vanquished.

Vanquished Creatures (collateral kills)
  An orc priest (D:4)
  An orc (D:4)
2 creatures vanquished.

Grand Total: 68 creatures vanquished

Notes
Turn   | Place    | Note
-------+----------+-------------------------------------------
     0 | D:1      | Manul the Octopode Chaos Knight began the quest for the Orb.
     0 | D:1      | Reached XP level 1. HP: 16/16 MP: 1/1
    52 | D:1      | Reached XP level 2. HP: 16/21 MP: 2/2
    59 | D:1      | Reached skill level 1 in Stealth
    73 | D:1      | XOM: harmless Tloc miscast
   352 | D:1      | Reached XP level 3. HP: 3/26 MP: 3/3
   357 | D:1      | HP: 1/26 [bat (1)]
   361 | D:1      | XOM: silly message
   773 | D:1      | XOM: cloud trail
   875 | D:1      | XOM is BORED!
   875 | D:1      | XOM: noise
   984 | D:1      | XOM: harmless Hex miscast
  1052 | D:2      | Reached skill level 1 in Maces & Flails
  1130 | D:2      | XOM: silly message
  1211 | D:2      | Reached XP level 4. HP: 29/33 MP: 4/4
  1670 | D:3      | XOM: silly message
  1690 | D:3      | Noticed loom's ghost (amateur GrFE)
  1716 | D:3      | Found an ancient bone altar of Kikubaaqudgha.
  1897 | D:4      | Noticed Natasha
  1899 | D:4      | XOM: mild Summ miscast
  1907 | D:4      | Killed Natasha
  1931 | D:4      | Noticed Natasha
  1938 | D:4      | Killed Natasha
  1938 | D:4      | Reached XP level 5. HP: 32/37 MP: 5/5
  2094 | D:3      | Found a shattered altar of Ashenzari.
  2095 | D:3      | Found an iron altar of Okawaru.
  2096 | D:3      | XOM: harmless Ice miscast
  2481 | D:4      | Noticed Natasha
  2494 | D:4      | Killed Natasha
  2588 | D:4      | Noticed an orc warrior
  2594 | D:4      | XOM: cast spell 'Summon Ice Beast'
  2621 | D:4      | Noticed a phantom
  2833 | D:4      | Reached XP level 6. HP: 38/43 MP: 6/6
  2842 | D:4      | XOM: 5-stop teleportation journey
  2894 | D:4      | Killed a phantom
  2925 | D:4      | XOM: 1-stop teleportation journey
  3051 | D:4      | HP: 1/64 [orc warrior/battleaxe (17)]
  3054 | D:4      | Mangled by an orc warrior

Vault maps used:
D:1:      lightli_arrival_noodles, minivault_11, hangedman_decor_growths
D:3:      nicolae_overflow_quartered_altars
D:4:      first_ration, guppyfry_early_orc_mine, uniq_natasha

Skill      XL: |  1  2  3  4  5  6 |
---------------+-------------------+-----
Stealth        | 1 2 3 4 |  4.2
Maces & Flails | 1 2 3 |  3.5
Dodging        | 3 |  3.4
Fighting       | 4 |  4.0
Polearms       | |  3.1

Action                   |  1- 3 |  4- 6 || total
-------------------------+-------+-------++-------
Melee: Whip              |    81 |    68 ||   149
       Constrict         |    14 |     8 ||    22
       Tentacles         |     6 |     7 ||    13
Throw: Javelin           |       |     2 ||     2
  Use: Potion            |     1 |     6 ||     7
       Scroll            |       |     5 ||     5
 Stab: Sleeping          |     5 |     5 ||    10
  Eat: Chunk             |     1 |     1 ||     2
       Ration            |       |     1 ||     1
Armor: Skin              |    14 |     2 ||    16
Dodge: Dodged            |    91 |    37 ||   128

Table legend:
 A = Spawn XP
 B = Non-spawn XP
 C = Spawn XP percentage of total XP
 D = Spawn monster count
 E = Non-spawn monster count
 F = Spawn count percentage of total count
 G = Total turns spent on level
                    A         B        C        D         E        F      G
               +---------+---------+-------+---------+---------+-------+---------
         Total |       0 |     447 |   0.0 |       0 |      68 |   0.0 |  3054
               +---------+---------+-------+---------+---------+-------+---------
           D:1 |       0 |      53 |   0.0 |       0 |      29 |   0.0 |   991
           D:2 |       0 |      42 |   0.0 |       0 |      22 |   0.0 |   555
           D:3 |       0 |      15 |   0.0 |       0 |       8 |   0.0 |   291
           D:4 |       0 |     337 |   0.0 |       0 |       9 |   0.0 |  1217
               +---------+---------+-------+---------+---------+-------+---------
